 Dungeon Crawl Stone Soup version 0.29-a0-380-gf50f0a9fbc (webtiles) character file.

Game seed: 786133319058259734

870 Antichthon the Bolt Thrower (level 8, -10/60 HPs)
             Began as a Formicid Abyssal Knight on May 5, 2022.
             Was an Elder of Lugonu.
             Mangled by an ogre
             ... wielding a +0 giant spiked club
              (33 damage)
             ... on level 5 of the Dungeon.
             The game lasted 00:11:25 (5673 turns).

Antichthon the Bolt Thrower (FoAK)                  Turns: 5673, Time: 00:11:26

Health: -10/60     AC:  5    Str: 21    XL:     8   Next: 24%
Magic:  10/10      EV: 12    Int: 11    God:    Lugonu [****..]
Gold:   257        SH:  0    Dex: 13    Spells: 7/7 levels left

rFire   + . .      SeeInvis +   a - +0 battleaxe
rCold   . . .      Faith    .   (no shield)
rNeg    + . .      Spirit   .   u - +0 leather armour of Catatonia {Regen+ Str-2 SInv Stlth+}
rPois   .          Reflect  .   (helmet unavailable)
rElec   .          Harm     .   (no cloak)
rCorr   +          Rampage  .   e - +1 pair of gloves of Autumn {rF+ rCorr}
Will    .....                   (no boots)
Stlth   +++.......              (no amulet)
HPRegen 1.00/turn               n - +6 ring of strength
MPRegen 0.12/turn               d - ring of positive energy

@: no status effects
A: permanent stasis, dig shafts and tunnels, antennae 3, four strong arms
a: Dig, Shaft Self, Renounce Religion, Depart the Abyss, Bend Space, Banish,
Corrupt


You were on level 5 of the Dungeon.
You worshipped Lugonu.
Lugonu was greatly pleased with you.
You visited 1 branch of the dungeon, and saw 5 of its levels.
You visited the Abyss 1 time.
You also visited: Sewer.

You collected 303 gold pieces.
You spent 46 gold pieces at shops.

Inventory:

Hand Weapons
 a - a +0 battleaxe (weapon)
Armour
 e - the +1 pair of gloves of Autumn (worn) {rF+ rCorr}
   (You acquired it on level 1 of the Dungeon)

   rF:        It protects you from fire.
   rCorr:     It protects you from acid and corrosion.
 u - the +0 leather armour of Catatonia (worn) {Regen+ Str-2 SInv Stlth+}
   (You found it on level 4 of the Dungeon)

   Str:       It affects your strength (-2).
   SInv:      It lets you see invisible.
   Regen:     It increases your rate of health regeneration.
   Stlth:     It makes you more stealthy.
Jewellery
 b - a ring of ice
 d - a ring of positive energy (right hand)
 n - a +6 ring of strength (left hand)
 q - a ring of fire
Scrolls
 f - 2 scrolls of teleportation {unknown}
 i - a scroll of summoning {unknown}
 j - 2 scrolls of noise {unknown}
 k - 3 scrolls of identify {unknown}
 l - a scroll of torment {unknown}
 m - a scroll of fog {unknown}
 p - a scroll of immolation {unknown}
 s - 3 scrolls of magic mapping {unknown}
 t - a scroll of vulnerability {unknown}
Potions
 c - a potion of degeneration {unknown}
 g - a potion of attraction
 h - a potion of berserk rage {unknown}
 o - a potion of invisibility {unknown}
 r - a potion of heal wounds {unknown}


   Skills:
 * Level 4.2 Fighting
 * Level 3.5(3.8) Axes
 - Level 2.0(3.0) Maces & Flails
 * Level 5.5 Crossbows
 * Level 3.4 Armour
 * Level 1.8 Dodging
 * Level 2.2 Stealth
 * Level 1.8 Shields
 * Level 2.9 Invocations
 * Level 1.7 Evocations


You had 7 spell levels left.
You didn't know any spells.
Your spell library contained the following spells:

 Spells                   Type           Power      Damage    Failure   Level
 Ozocubu's Armour         Ice            0%         N/A       77%         3
 Ozocubu's Refrigeration  Ice            0%         4d5       100%        7


Dungeon Overview and Level Annotations

Branches:
Dungeon (5/15)              Sewer (visited)
 Temple: D:4-7

Altars:
Xom

Shops:
D:2 *!*

Annotations:
D:2 1 runed translucent door, Crazy Yiuf


Innate Abilities, Weirdness & Mutations

You cannot be hasted, slowed, berserked, paralysed or teleported.
You can dig through walls and to a lower floor.
You have a pair of large antennae on your head. (SInv)
Your four strong arms can wield two-handed weapons with a shield.


Message History

The white imp closely misses you.
You see here an iguana corpse.
The white imp hits you. The white imp freezes you.
You hit the white imp.
The white imp is lightly wounded.
The white imp hits you but does no damage.
You slash the white imp!
You kill the white imp!
Lugonu accepts your kill.
You sense a monster nearby.
An iguana comes into view.
An iguana is nearby!
Unknown command.
An ogre comes into view. It is wielding a +0 giant spiked club.
The ogre shouts!
The iguana hisses angrily.
The iguana bites you!
You closely miss the iguana. The iguana bites you.
You barely miss the iguana. The iguana barely misses you. The iguana bites you!
You barely miss the iguana. The iguana barely misses you.
You slash the iguana!
You kill the iguana!
Lugonu accepts your kill. The ogre misses you.
You see here an iguana corpse.
The ogre hits you with a +0 giant spiked club!
You hit the ogre.
The ogre is lightly wounded.
The ogre closely misses you.
You barely miss the ogre.
The ogre is lightly wounded.
The ogre closely misses you.
You hit the ogre.
The ogre is moderately wounded.
The ogre hits you with a +0 giant spiked club!
You barely miss the ogre.
The ogre is moderately wounded.
The ogre hits you with a +0 giant spiked club!!
Ouch! That really hurt!
You die...

##...........####
#..#########.##.# #.## ###.#..#
#..>.. ..########......#####
##....... .......##.....#.....##
#........ .....................##
#........ ......................#
#......[.
...............O†.....###........
................@......##........
.........................#.......
......#...............##.........
...##.##.............##..........
...##.###...........#)).#........
####### ##.##.........###........
..#..#.#...#.###........
#....##.##.....##....<... ...#.
##..#.#..##......>


You could see an ogre.

Vanquished Creatures
  A water moccasin (Sewer)
  An ogre (D:4)
  A necrophage (D:4)
  An orc priest (D:4)
  2 hounds (D:4)
  A gnoll shaman (D:5)
  4 iguanas
  Jessica (D:3)
  2 orc wizards
  Natasha (thrice) (D:2)
  Robin (D:2)
  8 adders
  4 gnolls
  A white imp (D:5)
  An ufetubus (D:2)
  2 worms
  2 dart slugs
  9 orcs
  6 ball pythons
  4 bats
  11 endoplasms
  3 giant cockroaches
  17 goblins
  8 hobgoblins
  3 jackals
  4 quokkas
  A frilled lizard (D:3)
  5 kobolds
  17 rats
124 creatures vanquished.

Vanquished Creatures (others)
  A fungus (D:2)
1 creature vanquished.

Grand Total: 125 creatures vanquished

Notes
Turn   | Place    | Note
-------+----------+-------------------------------------------
     0 | Abyss:1  | Antichthon the Formicid Abyssal Knight began the quest for
                  | the Orb.
     0 | Abyss:1  | Reached XP level 1. HP: 18/18 MP: 2/2
    11 | D:1      | Escaped the Abyss
   121 | D:1      | Reached skill level 1 in Crossbows
   206 | D:1      | Found a faded altar of an unknown god.
   261 | D:1      | Reached XP level 2. HP: 17/24 MP: 3/3
   653 | D:1      | Reached skill level 2 in Crossbows
   752 | D:1      | Identified a scroll of acquirement
   752 | D:1      | Acquired the +1 pair of gloves of Autumn {rF+ rCorr}
  1225 | D:2      | Found Ytedwaisto's Assorted Antiques.
  1232 | D:2      | Identified the +0 helmet "Meolasm" {Harm *Corrode Int+3}
  1232 | D:2      | Noticed Robin
  1274 | D:1      | Reached XP level 3. HP: 29/29 MP: 4/4
  1337 | D:1      | Reached *** piety under Lugonu
  1359 | D:2      | Killed Robin
  1360 | D:2      | Reached skill level 3 in Crossbows
  1439 | D:2      | Found Woiry Zualoy's Distillery.
  1503 | D:2      | Noticed Natasha
  1512 | D:2      | Killed Natasha
  1513 | D:2      | Reached XP level 4. HP: 18/35 MP: 5/5
  1757 | D:2      | Noticed Natasha
  1765 | D:2      | Killed Natasha
  1766 | D:2      | Reached skill level 4 in Crossbows
  1766 | D:2      | Reached XP level 5. HP: 40/41 MP: 6/6
  1815 | D:2      | Found Qoyc's Assorted Antiques.
  1823 | D:2      | Bought a scroll labelled ROQYNN FEFUA for 23 gold pieces
  1823 | D:2      | Bought a scroll labelled QYUXYG OJUMICU for 23 gold pieces
  1925 | D:2      | Noticed Natasha
  1934 | D:2      | Killed Natasha
  2645 | D:2      | Found a runed translucent door.
  2646 | D:2      | Noticed Crazy Yiuf
  2874 | D:3      | Found a shimmering altar of Xom.
  2880 | D:3      | Reached skill level 5 in Crossbows
  3233 | D:3      | Identified the +4 mace of the Exiled Mice {antimagic, Int+7
                  | Stlth-}
  3237 | D:3      | Reached XP level 6. HP: 44/47 MP: 7/7
  3297 | D:3      | Reached **** piety under Lugonu
  3328 | D:3      | Noticed Jessica
  3339 | D:3      | Killed Jessica
  3659 | D:4      | Reached skill level 1 in Axes
  3659 | D:4      | Reached skill level 1 in Dodging
  3659 | D:4      | Reached skill level 1 in Stealth
  4106 | D:4      | Found a glowing drain.
  4117 | Sewer    | Entered a sewer
  4154 | Sewer    | Noticed a water moccasin
  4167 | Sewer    | Killed a water moccasin
  4168 | Sewer    | Reached skill level 1 in Shields
  4168 | Sewer    | Reached XP level 7. HP: 11/53 MP: 8/8
  4733 | D:4      | Reached skill level 1 in Evocations
  4817 | D:4      | Identified the +0 leather armour of Catatonia {Regen+ Str-2
                  | SInv Stlth+}
  5113 | D:5      | Entered Level 5 of the Dungeon
  5136 | D:4      | Reached XP level 8. HP: 7/60 MP: 10/10
  5673 | D:5      | Mangled by an ogre

Illustrated notes

Levels and vault maps discovered:
D:1:      amcnicky_arrival_choice, layout_loops_cross, basic_ecumenical_altar,
          minmay_misc_feat_iff, corexii_corridor_pit, hex_tiny,
          minmay_rat_gold_closets
D:2:      minmay_door_path, layout_loops_cross, serial_shops,
          nicolae_shop_overgrown_old_shop, nicolae_shop_stone,
          nicolae_shop_trees, amcnicky_mini_rare_corridor_liquid, uniq_natasha,
          uniq_crazy_yiuf_cottage, uniq_robin
D:3:      layout_basic, mainiacjoe_overflow_alcove_2, uniq_jessica
D:4:      layout_cave_pools, portal_sewer_entry_e
D:5:      layout_rooms, lemuel_coloured_pillars_altar, amcnicky_altar_gilded,
          minmay_between

Skill      XL: |  1  2  3  4  5  6  7 |
---------------+----------------------+-----
Crossbows      | 1 2 3 4 5 |  5.5
Axes           | 1 3 |  3.5
Dodging        | 1 |  1.8
Stealth        | 1 2 |  2.2
Shields        | 1 |  1.8
Evocations     | 1 |  1.7
Armour         | 3 |  3.4
Fighting       | 4 |  4.2
Maces & Flails | |  2.0
Invocations    | |  2.9

Action                   |  1- 3 |  4- 6 |  7- 9 || total
-------------------------+-------+-------+-------++-------
Melee: Mace              |   104 |   102 |       ||   206
       Punch             |     1 |     1 |       ||     2
       Broad axe         |       |    90 |       ||    90
       Battleaxe         |       |       |   130 ||   130
  Use: Scroll            |     1 |       |       ||     1
       Potion            |       |     2 |     1 ||     3
 Stab: Sleeping          |     1 |       |     1 ||     2
Armor: Leather armour    |    15 |       |    36 ||    51
       Scale mail        |    47 |   124 |    26 ||   197
Dodge: Dodged            |    51 |   125 |   105 ||   281

Table legend: (Time is in decaauts)
 A = Elapsed time spent in this place.
 B = Non-inter-level travel time spent in this place.
 C = Inter-level travel time spent in this place.
 D = Time resting spent in this place.
 E = Time spent auto-exploring this place.
 F = Levels seen in this place.
 G = Mean time per level.
                   A        B        C        D        E       F      G
               +--------+--------+--------+--------+--------+-----+--------+
         Total |   5861 |   5703 |    158 |    978 |   3230 |   7 |  837.3 |
       Dungeon |   5460 |   5302 |    158 |    698 |   3218 |   5 | 1092.0 |
         Abyss |     11 |     11 |      0 |      0 |      3 |   1 |   11.0 |
         Sewer |    390 |    390 |      0 |    280 |      9 |   1 |  390.0 |
               +--------+--------+--------+--------+--------+-----+--------+

Top non-repeatable levels by time:
     D:2: 1657 daAuts
     D:1: 1243 daAuts
     D:4: 1124 daAuts
     D:3: 1084 daAuts
   Sewer: 390 daAuts
     D:5: 350 daAuts
 Abyss:1: 11 daAuts
